 Dungeon Crawl Stone Soup version 0.31.0-11-ge490571c62 (webtiles) character file.

Game seed: 8574978490801958973

259 qw the Ducker (level 5, -1/26 HPs)
             Began as a Spriggan Hunter on Feb 3, 2024.
             Frozen to death by an endoplasm (5 damage)
             ... on level 4 of the Dungeon.
             The game lasted 00:00:09 (2447 turns).

qw the Ducker (Spriggan Hunter)                     Turns: 2447, Time: 00:00:09

Health: -1/26      AC:  3    Str:  7    XL:     5   Next: 95%
Magic:  6/6        EV: 21    Int: 10    God:
Gold:   258        SH:  0    Dex: 21    Spells: 4/4 levels left

rFire   . . .        a - +0 shortbow
rCold   . . .        (shield currently unavailable)
rNeg    . . .        c - +0 robe
rPois   .            (helmet restricted)
rElec   .            g - +0 cloak
rCorr   .            (gloves unavailable)
SInv    +            (boots unavailable)
Will    .....        (no amulet)
Stlth   ++           (no ring)
HPRegen 0.24/turn    (no ring)
MPRegen 0.10/turn

%: no passive effects
@: very quick
A: very small, no large weapons, unfitting armour, see invisible, speed 3
a: no special abilities


You were on level 4 of the Dungeon.
You visited 1 branch of the dungeon, and saw 4 of its levels.
You also visited: Sewer.

You collected 258 gold pieces.


Innate Abilities, Weirdness & Mutations

You are very small and have problems with some larger weapons.
You are too small for most types of armour.
You have supernaturally acute eyesight. (SInv)
You cover ground extremely quickly. (Speed+++)


   Skills:
 - Level 2.0 Fighting
 + Level 5.7 Ranged Weapons
 - Level 5.9 Dodging
 - Level 1.5 Stealth


You had 4 spell levels left.
You didn't know any spells.
Your spell library was empty.

Inventory:

Hand Weapons
 a - a +0 shortbow (weapon)
Armour
 c - a +0 robe (worn)
 g - a +0 cloak (worn)
Potions
 d - 2 potions of cancellation
 e - a potion of haste
 i - a potion of enlightenment {unknown}
 j - a potion of might {unknown}
 k - a potion of resistance {unknown}
 l - a potion of heal wounds {unknown}

Dungeon Overview and Level Annotations

Branches:
Dungeon (4/15)              Sewer (visited)
 Temple: D:4-7

Altars:

Annotations:
D:3 2 transporters, qw's ghost, amateur DEHu


Message History

The orc closely misses you.
You shoot an arrow. The arrow hits the orc wizard!
The orc wizard is heavily wounded.
The orc misses you. The orc wizard misses you.
You shoot an arrow.
The arrow closely misses the orc wizard.
The orc wizard completely misses you. The orc completely misses you.
You shoot an arrow. The arrow hits the orc wizard.
The orc wizard is severely wounded.
The orc wizard closely misses you. The orc completely misses you.
You shoot an arrow.
The arrow closely misses the orc wizard.
The orc wizard gestures at you while chanting.
The magic dart hits you. The orc barely misses you.
You shoot an arrow. The arrow hits the orc wizard.
You kill the orc wizard!
The orc closely misses you. The iguana barely misses you.
You shoot an arrow.
The arrow hits the iguana but does no damage.
The orc closely misses you. The endoplasm hits you.
The iguana barely misses you.
You shoot an arrow.
The arrow hits the iguana but does no damage.
The orc closely misses you. The iguana bites you! The endoplasm freezes you.
You are frozen.
You shoot an arrow. The arrow hits the iguana.
The iguana is moderately wounded.
The orc hits you but does no damage. The endoplasm misses you.
The iguana misses you. The iguana barely misses you. The orc misses you.
The endoplasm freezes you.
You are frozen.
You shoot an arrow. The arrow closely misses the iguana.
The orc completely misses you. The iguana barely misses you.
The endoplasm misses you.
You shoot an arrow. The arrow hits the iguana.
The iguana is severely wounded.
The endoplasm freezes you.
You are frozen.
You die...

#$###.# .
#..<.. ..
#....# ...
#....# ....
#....#
.....##....#
.....wJol..#
#@...#
#....#
#....#
#....#
##.### #.#
#.######
#......#
#......#


You could see an iguana, a dart slug, an orc and an endoplasm.

Vanquished Creatures
  A kobold brigand (Sewer)
  A sleepcap (D:3)
  An orc wizard (D:4)
  6 adders
  2 river rats (Sewer)
  A ribbon worm (D:3)
  A dart slug (D:1)
  2 orcs (D:4)
  6 ball pythons
  6 bats
  5 endoplasms
  4 giant cockroaches
  6 hobgoblins
  10 kobolds
  4 quokkas
  A frilled lizard (D:2)
  4 goblins
  2 rats
63 creatures vanquished.

Notes
Turn   | Place    | Note
-------+----------+-------------------------------------------
     0 | D:1      | qw the Spriggan Hunter began the quest for the Orb.
     0 | D:1      | Reached XP level 1. HP: 10/10 MP: 2/2
     0 | D:1      | 0 ||| qw: Version: 0.3-a-158-g18b3111
     0 | D:1      | 0 ||| qw: Game counter: 4126
     0 | D:1      | 0 ||| qw: Melee chars always use a shield: true
     0 | D:1      | 0 ||| qw: God list: Okawaru
     0 | D:1      | 0 ||| qw: Allow faded altars: false
     0 | D:1      | 0 ||| qw: Do Orc after clearing Dungeon:15 true
     0 | D:1      | 0 ||| qw: Do second Lair branch before Depths: true
     0 | D:1      | 0 ||| qw: Lair rune preference: random
     0 | D:1      | 0 ||| qw: Goals: Normal
     0 | D:1      | 0 ||| PLANNING D:1-11
    16 | D:1      | Reached skill level 3 in Dodging
    51 | D:1      | Reached XP level 2. HP: 14/14 MP: 3/3
   265 | D:1      | Found a faded altar of an unknown god.
   570 | D:1      | 570 ||| UPGRADING to +0 cloak.
   575 | D:1      | 575 ||| READING scroll labelled XACVIPN GATS.
   600 | D:1      | 600 ||| DRINKING 2 fizzy dark potions.
   601 | D:1      | 601 ||| DRINKING 2 fuming dark potions.
   602 | D:1      | 602 ||| DROPPING scroll of butterflies.
   603 | D:1      | 603 ||| DROPPING potion of degeneration.
   604 | D:1      | 604 ||| DROPPING potion of invisibility.
   780 | D:2      | Reached XP level 3. HP: 18/18 MP: 4/4
  1136 | D:2      | 1136 ||| READING scroll labelled DOETHRO PIMM.
  1153 | D:3      | 1153 ||| PLANNING SEWER
  1262 | D:3      | Found a glowing drain.
  1263 | D:3      | 1263 ||| READING scroll labelled ROUNIX TIAG.
  1263 | D:3      | 1263 ||| IDENTIFYING blue potion
  1279 | D:3      | HP: 4/18 [poisoned by an adder]
  1283 | D:3      | HP: 1/18 [poisoned by an adder]
  1360 | Sewer    | Entered a sewer
  1363 | Sewer    | Reached XP level 4. HP: 23/23 MP: 5/5
  1627 | Sewer    | Noticed a kobold brigand
  1637 | Sewer    | Killed a kobold brigand
  1638 | Sewer    | Reached XP level 5. HP: 16/26 MP: 6/6
  1642 | Sewer    | HP: 6/26 [poisoned by a kobold brigand]
  1647 | Sewer    | HP: 2/26 [poisoned by a kobold brigand]
  1786 | Sewer    | 1786 ||| READING scroll of identify.
  1786 | Sewer    | 1786 ||| IDENTIFYING red potion
  1787 | Sewer    | 1787 ||| READING scroll labelled KUIDIT UMOYTYORUQI.
  1788 | Sewer    | 1788 ||| DRINKING 2 lumpy green potions.
  1832 | Sewer    | 1832 ||| DROPPING potion of lignification.
  1844 | D:3      | 1844 ||| PLANNING D:1-11
  2049 | D:3      | Noticed qw's ghost (amateur DEHu)
  2050 | D:3      | Found a transporter.
  2078 | D:3      | Found a transporter.
  2384 | D:3      | 2384 ||| READING scroll labelled FOACES OKUI.
  2385 | D:3      | 2385 ||| READING scroll labelled CEYCSU ZOKYEQ.
  2386 | D:3      | 2386 ||| READING scroll labelled UDACLESTRY HACS.
  2444 | D:4      | HP: 6/26 [frozen (3)]
  2447 | D:4      | Frozen to death by an endoplasm

Levels and vault maps discovered:
D:1:      minmay_arrival_plants_in_alcoves, layout_loops_cross,
          hellmonk_ecumenical_altar_heavens_door, minmay_hedge_maze,
          serial_bayou_pond_a
D:2:      layout_basic
D:3:      layout_basic, gup_sewer_entry_glass, gammafunk_ghost_stat_death,
          nicolae_underground_beach
D:4:      layout_basic, minmay_cupped, uniq_sigmund

Skill      XL: |  1  2  3  4 |
---------------+-------------+-----
Dodging        | 3 4 5 |  5.9
Ranged Weapons | 5 |  5.7
Fighting       | 2 |  2.0
Stealth        | |  1.5

Action                     |  1- 3 |  4- 6 || total
---------------------------+-------+-------++-------
   Fire: Shortbow          |    86 |   118 ||   204
    Use: Potion            |     2 |     1 ||     3
         Scroll            |     3 |     5 ||     8
 Armour: Robe              |    11 |    11 ||    22
  Dodge: Dodged            |    43 |    61 ||   104

Table legend:
 A = Non-vault XP
 B = Vault XP
 C = Vault XP percentage of total XP
 D = Non-vault monster count
 E = Vault monster count
 F = Vault count percentage of total count
                 A         B        C        D         E       F
            +---------+---------+-------+---------+---------+-------
      Total |     177 |     194 |  52.3 |      46 |      17 |  27.0
            +---------+---------+-------+---------+---------+-------
        D:1 |      25 |       0 |   0.0 |      13 |       0 |   0.0
        D:2 |      37 |       0 |   0.0 |      16 |       0 |   0.0
        D:3 |      72 |      29 |  28.7 |      13 |       3 |  18.8
        D:4 |      43 |       0 |   0.0 |       4 |       0 |   0.0
      Sewer |       0 |     165 | 100.0 |       0 |      14 | 100.0
            +---------+---------+-------+---------+---------+-------
